 Dungeon Crawl Stone Soup version 0.31-a0-435-g2c6fae2916 (webtiles) character file.

Game seed: 16852010857917640229

315 Ethylacetat the Changeling (level 6, -2/42 HPs)
             Began as an Octopode Shapeshifter on Aug 1, 2023.
             Was an Initiate of Gozag.
             Slain by an iguana (5 damage)
             ... on level 4 of the Dungeon.
             The game lasted 00:02:40 (2661 turns).

Ethylacetat the Changeling (Octopode Shapeshifter)  Turns: 2661, Time: 00:02:42

Health: -2/42      AC:  1    Str: 21    XL:     6   Next: 44%
Magic:  6/6        EV: 13    Int: 10    God:    Gozag
Gold:   173        SH:  4    Dex: 14    Spells: 5/5 levels left

rFire   . .          .
                       - Unarmed
rCold   . . .        q - +0 buckler
rNeg    . . .        (helmet currently unavailable)
rPois   .            g - amulet of magic regeneration
rElec   .            j - +6 ring of strength
rCorr   .            (no ring)
SInv    .            (no ring)
Will    .....        (no ring)
Stlth   ++           (no ring)
HPRegen 0.27/turn    (no ring)
MPRegen 0.50/turn    (no ring)
                     (no ring)

%: no passive effects
@: beast-form
A: beast (slay +3), almost no armour, amphibious, 8 rings, camouflage 1,
gelatinous body 1, (nimble swimmer 1), tentacles
a: Begin Untransformation, Renounce Religion, Potion Petition, Call Merchant,
Bribe Branch


You were on level 4 of the Dungeon.
You worshipped Gozag.
Gozag was aware of your devotion.
You were a hulking beast.
You visited 1 branch of the dungeon, and saw 4 of its levels.

You collected 248 gold pieces.
You paid 75 gold pieces to Gozag.

Inventory:

Armour
 q - a +0 buckler (worn)
Jewellery
 g - an amulet of magic regeneration (around mantle)
 j - a +6 ring of strength (left tentacle)
Talismans
 b - a beast talisman (active)
Scrolls
 c - 2 scrolls of immolation {unknown}
 e - a scroll of fog {unknown}
 f - a scroll of revelation {unknown}
 i - a scroll of teleportation {unknown}
 o - 3 scrolls of identify {unknown}
 p - 2 scrolls of torment {unknown}
Potions
 a - 3 potions of lignification
 d - a potion of magic {unknown}
 h - a potion of brilliance {unknown}
 k - a potion of heal wounds {unknown}
 l - a potion of mutation {unknown}
 m - 2 potions of haste {unknown}
 n - a potion of ambrosia {unknown}


   Skills:
 + Level 3.1 Fighting
 - Level 2.0 Dodging
 + Level 4.3 Unarmed Combat
 * Level 4.8 Shapeshifting


You had 5 spell levels left.
You didn't know any spells.
Your spell library contained the following spells:

 Spells                   Type           Power      Damage    Failure   Level
 Slow                     Hex            0%         N/A       43%         1
 Stone Arrow              Conj/Erth      0%         3d7       82%         3
 Lehudib's Crystal Spear  Conj/Erth      0%         10d2      100%        8
 Animate Armour           Summ/Erth      Unusable   N/A       N/A         4

Dungeon Overview and Level Annotations

Branches:
Dungeon (4/15)
 Temple: D:4-7

Altars:
Gozag
Kikubaaqudgha
Okawaru

Annotations:
D:3 3 runed translucent doors, mn3067's ghost, amateur MfSh


Innate Abilities, Weirdness & Mutations

You are a hulking beast.
Your limbs bulge with bestial killing power. (Slay +3)
You cannot wear most types of armour.
You are amphibious.
You can wear up to eight rings at the same time.
Your skin changes colour to match your surroundings (Stealth+).
Your rubbery body absorbs attacks. (AC +1, EV +1)
((You are camouflaged when in or above water. (Stealth+)))
You have tentacles for arms and can constrict up to eight enemies at once.


Message History

A scorpion is nearby!
The scorpion stings you! x2
You closely miss the scorpion. You grab the scorpion.
You constrict the scorpion. The scorpion stings you!
You are too injured to fight recklessly!
You are too injured to fight recklessly!
You are too injured to fight recklessly!
You are too injured to fight recklessly!
You bludgeon the scorpion!
The scorpion is severely wounded.
You constrict the scorpion. You block the scorpion's attack.
You tentacle-slap the scorpion but do no damage.
The scorpion is severely wounded.
You constrict the scorpion. You block the scorpion's attack.
You tentacle-slap the scorpion.
You kill the scorpion!
Your Fighting skill increases to level 3!
Search for what [Enter for "buck", or ? for help]? tali An iguana comes into view.
The helpless iguana fails to defend itself.
You bludgeon the iguana! Your grab misses the iguana.
The iguana is heavily wounded.
The iguana bites you!
* * * LOW HITPOINT WARNING * * *
You are too injured to fight recklessly!
You tentacle-slap the iguana. Your grab misses the iguana.
The iguana is severely wounded.
The iguana bites you!
* * * LOW HITPOINT WARNING * * *
You closely miss the iguana. Your grab misses the iguana.
Your squeeze misses the iguana.
The iguana is severely wounded.
You block the iguana's attack.
You tentacle-slap the iguana but do no damage.
You grab the iguana.
You squeeze the iguana, but do no damage.
The iguana is heavily wounded.
You constrict the iguana. The iguana bites you.
You die...
Your body crumbles into a pile of gold.

### #.. #.#
#.###########
########.##......>.#
#...$.......#.#.##.#
#.######.####.#.##.#
####.####.#.##.#
......lh....##.#
####.####...##.###
#.# #.........# ##
#.#
#.#...###.###...#
#.# #.#...#
#.......# # ##.#
#.#.#.###.#####.# #.
#.. #.#.#.....# ##..
#.# #.#.###.###
#...####>####.#.#
#.#


You could see an iguana.

Vanquished Creatures
  A centaur (D:4)
  A scorpion (D:4)
  A jelly (D:4)
  A hound (D:4)
  An orc wizard (D:4)
  2 adders
  3 dart slugs
  5 orcs
  5 bats
  7 endoplasms
  2 giant cockroaches (D:2)
  5 goblins
  7 hobgoblins
  6 kobolds (D:1)
  2 quokkas
  4 ball pythons
  4 frilled lizards
  8 rats
65 creatures vanquished.

Notes
Turn   | Place    | Note
-------+----------+-------------------------------------------
     0 | D:1      | Ethylacetat the Octopode Shapeshifter began the quest for
                  | the Orb.
     0 | D:1      | Reached XP level 1. HP: 13/13 MP: 1/1
   198 | D:1      | Reached XP level 2. HP: 18/18 MP: 2/2
   835 | D:2      | Reached XP level 3. HP: 23/23 MP: 3/3
   836 | D:2      | Found an ancient bone altar of Kikubaaqudgha.
  1723 | D:3      | Reached XP level 4. HP: 27/29 MP: 4/4
  1746 | D:3      | Found a runed translucent gate.
  1747 | D:3      | Found a runed translucent gate.
  1748 | D:3      | Found a runed translucent gate.
  1748 | D:3      | Noticed mn3067's ghost (amateur MfSh)
  1794 | D:3      | Found a faded altar of an unknown god.
  1813 | D:3      | Got Plato's Grimoire of Bad Luck
  2342 | D:4      | Noticed a centaur
  2353 | D:4      | Killed a centaur
  2354 | D:4      | Reached XP level 5. HP: 16/35 MP: 5/5
  2467 | D:4      | Found an opulent altar of Gozag.
  2469 | D:4      | Found an iron altar of Okawaru.
  2482 | D:4      | Became a worshipper of Gozag Ym Sagoz the Greedy
  2555 | D:4      | Reached XP level 6. HP: 36/41 MP: 6/6
  2661 | D:4      | Slain by an iguana

Illustrated notes

Levels and vault maps discovered:
D:1:      sevenhm_arrival_forest_fort_large_1, layout_loops_ring
D:2:      layout_loops_corners, basic_altar
D:3:      layout_rooms, shapermc_ecumenical_altar_rom_forum,
          gammafunk_ghost_split, kennysheep_cluttered_room,
          kennysheep_generic_room_14
D:4:      layout_loops_ring, nicolae_overflow_squiral, roderic_serpentine_path,
          hangedman_abyss_or_decor_slice, kennysheep_generic_room_4

Skill      XL: |  1  2  3  4  5  6 |
---------------+-------------------+-----
Fighting       | 2 3 |  3.1
Shapeshifting  | 4 |  4.8
Unarmed Combat | 4 |  4.3
Dodging        | |  2.0

Action                     |  1- 3 |  4- 6 || total
---------------------------+-------+-------++-------
  Melee: Unarmed           |    55 |    47 ||   102
         Constrict         |    14 |    10 ||    24
         Tentacles         |    12 |    10 ||    22
         Punch             |     1 |       ||     1
   Stab: Sleeping          |     8 |     6 ||    14
 Armour: Skin              |     2 |     2 ||     4
  Dodge: Dodged            |    19 |    20 ||    39
  Block: Buckler           |       |     6 ||     6

Table legend: (Time is in decaauts)
 A = Elapsed time spent in this place.
 B = Non-inter-level travel time spent in this place.
 C = Inter-level travel time spent in this place.
 D = Time resting spent in this place.
 E = Time spent auto-exploring this place.
 F = Levels seen in this place.
 G = Mean time per level.
                   A        B        C        D        E       F      G
               +--------+--------+--------+--------+--------+-----+--------+
         Total |   2654 |   2514 |    140 |     72 |   2051 |   4 |  663.5 |
       Dungeon |   2654 |   2514 |    140 |     72 |   2051 |   4 |  663.5 |
               +--------+--------+--------+--------+--------+-----+--------+

Top non-repeatable levels by time:
     D:2: 904 daAuts
     D:1: 772 daAuts
     D:3: 620 daAuts
     D:4: 356 daAuts
